 Dungeon Crawl Stone Soup version 0.29-a0-553-g81b289dbe5 (webtiles) character file.

Game seed: 2628783629249334578

127927 nklfnl the Unseen (level 16, -1/84 HPs)
             Began as a Spriggan Enchanter on June 5, 2022.
             Was the Champion of Dithmenos.
             Shot with a bolt by a naga sharpshooter (14 damage)
             ... led by Vashnia
             ... on level 3 of the Snake Pit on June 6, 2022.
             The game lasted 01:15:53 (27015 turns).

nklfnl the Unseen (Spriggan Enchanter)             Turns: 27015, Time: 01:15:54

Health: -1/84      AC:  9    Str:  6 (14) XL:     16   Next: 47%
Magic:  36/37      EV: 25    Int: 12 (17) God:    Dithmenos [******]
Gold:   2263       SH:  0    Dex: 13 (19) Spells: 37/48 levels left

rFire   + . .      SeeInvis +   z - +7 dagger (vorpal)
rCold   . . .      Faith    .   (no shield)
rNeg    + + .      Spirit   .   E - +4 robe of the Eternal Void {rF+ rN++}
rPois   .          Reflect  .   (helmet restricted)
rElec   .          Harm     .   n - +2 cloak
rCorr   .          Rampage  .   (gloves unavailable)
Will    ++...                   (boots unavailable) Stlth ****++++++
                                m - amulet of regeneration
HPRegen 1.04/turn               i - +4 ring of slaying
MPRegen 0.25/turn               p - +6 ring of strength

@: lethally poisoned (-1 -> -7), wreathed by umbra, studying Dodging, very quick
A: very small, no large weapons, unfitting armour, see invisible, speed 3, wild
magic 1
a: Renounce Religion, Shadow Step, Shadow Form


You were on level 3 of the Snake Pit.
You worshipped Dithmenos.
Dithmenos was exalted by your worship.
You visited 6 branches of the dungeon, and saw 28 of its levels.
You also visited: Ossuary and Volcano.

You collected 4371 gold pieces.
You spent 2108 gold pieces at shops.

Inventory:

Hand Weapons
 a - a +4 quick blade of flaming
 z - a +7 vorpal dagger (weapon)
Missiles
 r - a datura-tipped dart
 t - 4 throwing nets (quivered)
 H - 7 curare-tipped darts
 W - 12 atropa-tipped darts
Armour
 b - a +2 robe of cold resistance
 n - a +2 cloak (worn)
 o - a scarf of invisibility
 E - the +4 robe of the Eternal Void (worn) {rF+ rN++}
   (You bought it in a shop on level 2 of the Snake Pit)

   rF:        It protects you from fire.
   rN:        It greatly protects you from negative energy.
Jewellery
 i - a +4 ring of slaying (left hand)
 m - an amulet of regeneration (around neck)
 p - a +6 ring of strength (right hand)
 A - a ring of ice
 P - a ring of flight
 T - a ring of ice
 V - a +4 ring of evasion
Wands
 v - a wand of digging (14)
 J - a wand of charming (4)
 N - a wand of paralysis (5)
 O - a wand of acid (2)
 Q - a wand of flame (7)
 Y - a wand of polymorph (14)
Scrolls
 d - 17 scrolls of teleportation
 u - 3 scrolls of fog
 w - 7 scrolls of amnesia
 y - 6 scrolls of magic mapping
 B - a scroll of summoning
 I - 6 scrolls of fear
 L - 4 scrolls of blinking
 U - 2 scrolls of enchant armour
Potions
 c - 6 potions of invisibility
 e - 4 potions of cancellation
 f - 15 potions of curing
 g - 3 potions of resistance
 h - 2 potions of heal wounds
 j - 3 potions of might
 k - 7 potions of brilliance
 l - 3 potions of flight
 s - 4 potions of mutation
 x - 5 potions of ambrosia
 R - 2 potions of magic


   Skills:
 + Level 9.4 Fighting
 + Level 12.3 Short Blades
 + Level 15.1 Dodging
 + Level 20.7 Stealth
 + Level 16.6 Spellcasting
 + Level 16.7 Hexes


You had 37 spell levels left.
You knew the following spells:

 Your Spells              Type           Power      Damage    Failure   Level
a - Ensorcelled Hibernat  Hex/Ice        78%        N/A       1%          2
b - Tukima's Dance        Hex            60%        N/A       1%          3
c - Dazzling Flash        Conj/Hex       78%        N/A       1%          3
d - Confusing Touch       Hex            60%        N/A       1%          3

Your spell library contained the following spells:

 Spells                   Type           Power      Damage    Failure   Level
 Slow                     Hex            100%       N/A       1%          1
 Inner Flame              Hex/Fire       39%        N/A       1%          3
 Summon Guardian Golem    Hex/Summ       39%        N/A       1%          3
 Anguish                  Hex/Necr       19%        N/A       3%          4
 Fulminant Prism          Conj/Hex       19%        3d11      3%          4
 Foxfire                  Conj/Fire      48%        2x1d6     10%         1
 Magic Dart               Conj           48%        1d5       10%         1
 Shock                    Conj/Air       48%        1d6       10%         1
 Poisonous Vapours        Pois/Air       24%        N/A       14%         2
 Searing Ray              Conj           24%        2d5       14%         2
 Conjure Flame            Conj/Fire      12%        6-21      26%         3
 Ignite Poison            Fire/Tmut/Pois 12%        N/A       26%         3
 Spider Form              Tmut/Pois      12%        N/A       26%         3
 Stone Arrow              Conj/Erth      24%        3d8       26%         3
 Swiftness                Air            12%        N/A       26%         3
 Vampiric Draining        Necr           12%        2d6       26%         3
 Airstrike                Air            6%         N/A       61%         4
 Animate Armour           Summ/Erth      24%        N/A       61%         4
 Corpse Rot               Necr/Pois/Air  12%        N/A       61%         4
 Flame Wave               Conj/Fire      12%        2d6       61%         4
 Sticky Flame             Conj/Fire      12%        2d4       61%         4
 Summon Lightning Spire   Summ/Air       12%        N/A       61%         4
 Lightning Bolt           Conj/Air       6%         1d18      90%         5
 Orb of Destruction       Conj           6%         9d6       100%        7
 Spellforged Servitor     Conj/Summ      6%         N/A       100%        7
 Lehudib's Crystal Spear  Conj/Erth      6%         10d3      100%        8


Dungeon Overview and Level Annotations

Branches:
Dungeon (15/15)            Temple (1/1) D:5            Lair (6/6) D:10
 Shoals (0/4) Lair:2        Snake (3/4) Lair:3          Orc (2/2) D:11
    Elf (0/3) Orc:2        Vaults (0/5) D:14         Depths (1/4) D:15
Ossuary (visited)         Volcano (visited)
  Slime: Lair:5-6

Altars:
Ashenzari
Cheibriados
Dithmenos
Elyvilon
Fedhas
Gozag
Hepliaklqana
Kikubaaqudgha
Makhleb
Nemelex Xobeh
Okawaru
Qazlal
Ru
Sif Muna
Trog
Uskayaw
Vehumet
Wu Jian
Xom
Yredelemnul
Zin
The Shining One
Lugonu

Shops:
Orc:2 !??*   Snake:2 [=::   Snake:3 **

Portals:
Abyss: Lair:6
Ziggurat: Depths:1

Annotations:
D:12 3 runed translucent doors, Bruhh's ghost, journeyman BaAE
Lair:5 exclusion: oklob plant
Snake:3 Asterion; Saint Roka; Vashnia


Innate Abilities, Weirdness & Mutations

You are very small and have problems with some larger weapons.
You are too small for most types of armour.
You have supernaturally acute eyesight. (SInv)
You cover ground extremely quickly. (Speed+++)
Your spells are a little harder to cast, but a little more powerful.


Message History

The anaconda attacks as you move away! The anaconda completely misses you.
Found a pair of boots.
You feel sick.
The naga sharpshooter shoots a bolt.
The bolt misses you.
A naga comes into view. It is wielding a +0 dire flail.
Vashnia mumbles some strange words.
Vashnia blinks!
The naga sharpshooter shoots a bolt.
The bolt hits you!!
* * * LOW HITPOINT WARNING * * *
You emit a cloud of dark smoke.
The naga spits poison at you.
The splash of poison hits you but does no damage.
You are more poisoned.
You hear a shout!
The anaconda attacks as you move away! The anaconda misses you.
The anaconda completely misses you.
You feel sick. Vashnia gestures at you while chanting.
The anaconda blinks!
The naga blinks!
The black mamba blinks!
The naga shouts!
The naga sharpshooter shouts!
Unknown command.
You feel sick.
You hear a shout!
The naga sharpshooter shoots a bolt.
The bolt closely misses you.
Unknown command.
Unknown command.
Blink to where?
Press: ? - help, Dir - move target, p - black mamba
As you read the scroll of blinking, it crumbles to dust.
You feel sick.
The naga sharpshooter unwields a +0 glaive.
The naga sharpshooter wields a +0 arbalest.
The naga sharpshooter casts a spell.
The naga sharpshooter magically shoots a bolt.
The bolt completely misses you. The naga spits poison at you.
The splash of poison misses you. Vashnia spits poison at you.
The splash of poison hits you.
You are more poisoned.
* * * LOW HITPOINT WARNING * * *
The naga sharpshooter shoots a bolt.
The bolt hits you!
You die...

..######...#......(..)...§§.#
...........#........(...§§§####
..................NN..N.§§§...#
#.....####.........NN..§§§##...#
#....## #...............## #..#
#...## ........S....## [.# #H..#
##...........# .# ....#
#...........# # ....#
#...@.....#..
....#########.<......###.
..##..............#### . ##
#..H.........### #.
#..########### #. #.N# #. #..#
#.. #... ... #... ...


You could see Vashnia (catching breath), 2 naga sharpshooters, a black mamba and
2 nagas.

Vanquished Creatures
  The ghost of Sekuso the Gelid, an adept FoIE of Vehumet (Snake:2)
  A fire giant (Depths:1)
  2 frost giants
  Aizul (Snake:2)
  Nessos (D:12)
  An ettin (D:15)
  A vault guard (D:14)
  Harold (D:9)
  A great orb of eyes (D:15)
  A rakshasa (Depths:1)
  10 hydras
  2 boulder beetles
  An ice dragon (Depths:1)
  5 anacondas
  8 centaur warriors
  A dancing weapon (Volcano)
  2 two-headed ogres
  6 death yaks (Lair:4)
  2 naga warriors
  An orc high priest (Orc:2)
  2 tengu warriors
  4 thrashing horrors (Lair:6)
  A deep elf knight (D:13)
  A spriggan berserker (Depths:1)
  A hell knight (D:15)
  A shock serpent (Snake:2)
  2 naga sharpshooters
  A skeletal warrior (D:11)
  A deep troll (D:15)
  2 flayed ghosts (D:13)
  2 naga ritualists
  A lindwurm (Orc:1)
  9 wizards
  A wolf spider zombie (D:14)
  2 necromancers
  5 deep elf pyromancers
  6 orc sorcerers
  16 ugly things
  6 mana vipers
  An oklob plant (Lair:2)
  9 cyclopes
  19 elephants
  5 manticores
  2 salamanders
  5 toenail golems (Volcano)
  16 black mambas
  Maggie (D:10)
  10 cane toads
  4 naga magi
  2 smoke demons (Lair:6)
  A gargoyle (D:11)
  An unseen horror (D:12)
  5 rime drakes
  A kobold demonologist (D:13)
  A tengu conjurer (D:15)
  A yaktaur (D:15)
  The ghost of blade888 the Firebug, a novice OpFE (D:5)
  7 komodo dragons
  An ancient zyme (Lair:6)
  A troll (shapeshifter) (D:14)
  5 meliai
  A hornet (D:11)
  Grinder (D:6)
  A polar bear (Lair:3)
  A polar bear (shapeshifter) (Lair:6)
  18 blink frogs
  A tarantella (shapeshifter) (Lair:6)
  7 trolls
  14 slime creatures (D:13)
  6 dream sheep (Lair:6)
  24 yaks
  Sigmund (D:3)
  8 wraiths
  4 wyverns
  6 basilisks
  2 ynoxinuls (Lair:6)
  2 vampires
  2 chaos spawn (Lair:6)
  18 humans (D:14)
  15 vampire mosquitoes
  2 wargs (Orc:1)
  12 nagas
  2 acid dragons
  16 water moccasins
  19 orc warriors
  2 black bears
  A sky beast (D:6)
  A boggart (D:11)
  3 ogres
  18 wolves
  8 centaurs
  2 phantoms
  A kobold brigand (D:8)
  7 bullfrogs
  10 small abominations (Lair:6)
  2 gnoll sergeants
  13 scorpions
  A necrophage (D:7)
  3 wights (D:9)
  4 killer bees
  6 howler monkeys
  An electric eel (Lair:6)
  7 centaur zombies
  8 jellies
  2 hounds
  2 human zombies (Ossuary)
  22 orc priests
  2 iguanas
  Natasha (twice) (D:2)
  A scorpion zombie (Ossuary)
  40 orc wizards
  5 hell rats (Lair:4)
  4 mummies
  7 adders
  10 gnolls
  A shadow imp (D:7)
  4 white imps
  An ufetubus (D:6)
  A worm (D:2)
  7 dart slugs
  80 orcs
  14 endoplasms
  2 giant cockroaches (D:1)
  3 gnoll zombies (Ossuary)
  8 hobgoblins
  5 jackals
  8 quokkas
  10 ball pythons
  4 bats (D:2)
  4 frilled lizards
  11 goblins
  2 goblin zombies (Ossuary)
  3 hobgoblin zombies
  9 kobolds
  3 kobold zombies (D:8)
  4 orc zombies (Ossuary)
  3 rats
777 creatures vanquished.

Vanquished Creatures (collateral kills)
  A vault guard (D:14)
  2 two-headed ogres
  A naga warrior (Snake:2)
  3 nagas (Snake:2)
  2 orc warriors
  4 wights
  2 orc wizards
  2 gnolls (D:5)
  4 orcs
  A kobold (D:3)
22 creatures vanquished.

Vanquished Creatures (others)
  A naga sharpshooter (Snake:3)
  A mana viper (Snake:3)
  7 dancing weapons
  2 orc wizards
  18 fungi
  9 plants
38 creatures vanquished.

Grand Total: 837 creatures vanquished

Notes
Turn   | Place    | Note
-------+----------+-------------------------------------------
     0 | D:1      | nklfnl the Spriggan Enchanter began the quest for the Orb.
     0 | D:1      | Reached XP level 1. HP: 9/9 MP: 5/5
    10 | D:1      | Found a faded altar of an unknown god.
   220 | D:1      | Reached XP level 2. HP: 8/13 MP: 7/7
   347 | D:1      | Learned a level 2 spell: Ensorcelled Hibernation
  1139 | D:1      | Reached XP level 3. HP: 16/16 MP: 9/9
  1143 | D:1      | Learned a level 3 spell: Tukima's Dance
  1147 | D:1      | Learned a level 3 spell: Confusing Touch
  1485 | D:2      | Noticed Natasha
  1493 | D:2      | Killed Natasha
  1589 | D:2      | Reached XP level 4. HP: 21/21 MP: 11/11
  1899 | D:2      | Noticed Natasha
  1910 | D:2      | Killed Natasha
  1911 | D:2      | Reached skill level 5 in Hexes
  2270 | D:3      | Reached XP level 5. HP: 24/24 MP: 3/13
  2517 | D:3      | Reached skill level 5 in Spellcasting
  2542 | D:3      | Found a basalt altar of Yredelemnul.
  2669 | D:3      | Noticed Sigmund
  2675 | D:3      | Killed Sigmund
  2676 | D:3      | Reached skill level 5 in Stealth
  2676 | D:3      | Reached XP level 6. HP: 28/28 MP: 11/15
  3028 | D:3      | Reached skill level 6 in Stealth
  3213 | D:4      | Reached XP level 7. HP: 28/32 MP: 14/17
  3700 | D:4      | Reached skill level 7 in Stealth
  4000 | D:4      | Learned a level 3 spell: Dazzling Flash
  4052 | D:5      | Entered Level 5 of the Dungeon
  4116 | D:5      | Reached skill level 8 in Stealth
  4302 | D:5      | Reached XP level 8. HP: 36/36 MP: 20/20
  4560 | D:5      | Reached skill level 9 in Stealth
  4653 | D:5      | Found a staircase to the Ecumenical Temple.
  4664 | Temple   | Entered the Ecumenical Temple
  4722 | Temple   | Became a worshipper of Dithmenos the Shadowed
  4957 | D:5      | Gained mutation: You are weak. (Str -2) [potion of
                  | mutation]
  4957 | D:5      | Gained mutation: You possess an exceptional clarity of
                  | mind. [potion of mutation]
  4957 | D:5      | Gained mutation: You have large cloven feet. [potion of
                  | mutation]
  4957 | D:5      | Gained mutation: Your mind is acute. (Int +2) [potion of
                  | mutation]
  4958 | D:5      | Lost mutation: You possess an exceptional clarity of mind.
                  | [potion of mutation]
  4958 | D:5      | Lost mutation: You have large cloven feet. [potion of
                  | mutation]
  4958 | D:5      | Lost mutation: Your mind is acute. (Int +2) [potion of
                  | mutation]
  4958 | D:5      | Gained mutation: Your movements are slightly less
                  | encumbered by armour. (ER -2) [potion of mutation]
  4958 | D:5      | Gained mutation: You passively dampen the noise of your
                  | surroundings. [potion of mutation]
  4959 | D:5      | Lost mutation: You passively dampen the noise of your
                  | surroundings. [potion of mutation]
  4959 | D:5      | Lost mutation: You are weak. (Str -2) [potion of mutation]
  4959 | D:5      | Gained mutation: You have hidden genetic defects. [potion
                  | of mutation]
  4959 | D:5      | Gained mutation: You expend magic power (3 MP) to
                  | strengthen your wands. [potion of mutation]
  4959 | D:5      | Gained mutation: You are robust. (+10% HP) [potion of
                  | mutation]
  4960 | D:5      | Lost mutation: Your movements are slightly less encumbered
                  | by armour. (ER -2) [potion of mutation]
  4960 | D:5      | Lost mutation: You are robust. (+10% HP) [potion of
                  | mutation]
  4960 | D:5      | Gained mutation: Your body sometimes deteriorates upon
                  | taking damage. [potion of mutation]
  4998 | D:5      | Found a runed translucent door.
  4998 | D:5      | Noticed blade888's ghost (novice OpFE)
  5202 | D:5      | Found a white marble altar of Elyvilon.
  5205 | D:5      | Found a stormy altar of Qazlal.
  5208 | D:5      | Found a shimmering blue altar of Sif Muna.
  5211 | D:5      | Found a shimmering altar of Xom.
  5274 | D:5      | Gained mutation: You are clumsy. (Dex -2) [hidden defects]
  5476 | D:5      | Killed blade888's ghost
  5477 | D:5      | Reached skill level 10 in Stealth
  5684 | D:6      | Gained mutation: You are dopey. (Int -2) [hidden defects]
  5684 | D:6      | Lost mutation: You have hidden genetic defects. [hidden
                  | defects expressed]
  5772 | D:6      | Reached XP level 9. HP: 39/39 MP: 19/22
  6049 | D:6      | Reached * piety under Dithmenos
  6064 | D:6      | Identified the +7 whip "Sarcophage" {vorpal, Int+4}
  6157 | D:6      | Noticed Grinder
  6170 | D:6      | Killed Grinder
  6171 | D:6      | Reached skill level 11 in Stealth
  6586 | D:7      | Reached skill level 10 in Hexes
  6768 | D:7      | Found an ornate altar of the Wu Jian Council.
  6945 | D:8      | Reached skill level 12 in Stealth
  6947 | D:8      | Reached skill level 10 in Spellcasting
  7024 | D:8      | Found a sand-covered staircase.
  7040 | Ossuary  | Entered an ossuary
  7108 | Ossuary  | Reached ** piety under Dithmenos
  7669 | D:8      | Reached XP level 10. HP: 44/44 MP: 25/25
  7792 | D:8      | Found a sparkling altar of Nemelex Xobeh.
  7795 | D:8      | Found a sacrificial altar of Ru.
  7941 | D:8      | Reached *** piety under Dithmenos
  8346 | D:9      | Reached skill level 13 in Stealth
  8357 | D:9      | Noticed Harold
  8368 | D:9      | Killed Harold
  8369 | D:9      | Reached skill level 1 in Fighting
  8677 | D:9      | Noticed a manticore
  8800 | D:9      | Noticed a two-headed ogre
  8839 | D:9      | Killed a two-headed ogre
  8840 | D:9      | Reached skill level 5 in Dodging
  8945 | D:9      | Killed a manticore
  9146 | D:9      | Reached XP level 11. HP: 29/51 MP: 18/27
  9318 | D:10     | Entered Level 10 of the Dungeon
  9359 | D:10     | Reached **** piety under Dithmenos
  9360 | D:10     | Reached skill level 14 in Stealth
  9834 | D:10     | Noticed Maggie
  9841 | D:10     | Killed Maggie
  9878 | D:10     | Found a staircase to the Lair.
  9931 | D:11     | Noticed a white ugly thing
  9935 | D:11     | Killed a white ugly thing
  9945 | D:11     | Found a staircase to the Orcish Mines.
 10147 | D:11     | Reached skill level 5 in Short Blades
 10182 | D:11     | Noticed a boulder beetle
 10199 | D:11     | Killed a boulder beetle
 10387 | D:11     | Noticed a deep elf pyromancer
 10390 | D:11     | Killed a deep elf pyromancer
 10393 | D:11     | Noticed a purple ugly thing
 10396 | D:11     | Killed a purple ugly thing
 10399 | D:11     | Noticed a skeletal warrior
 10402 | D:11     | Killed a skeletal warrior
 10417 | D:11     | Noticed a deep elf pyromancer
 10420 | D:11     | Killed a deep elf pyromancer
 10421 | D:11     | Reached skill level 15 in Stealth
 10423 | D:11     | Noticed a purple ugly thing
 10425 | D:11     | Noticed a frost giant
 10426 | D:11     | Killed a purple ugly thing
 10439 | D:11     | Killed a frost giant
 10440 | D:11     | Reached XP level 12. HP: 58/58 MP: 29/29
 10575 | D:11     | Noticed an eight-headed hydra
 10583 | D:11     | Killed an eight-headed hydra
 10994 | D:11     | Lost mutation: You expend magic power (3 MP) to strengthen
                  | your wands. [potion of mutation]
 10994 | D:11     | Lost mutation: You are dopey. (Int -2) [potion of mutation]
 10994 | D:11     | Lost mutation: You are clumsy. (Dex -2) [potion of
                  | mutation]
 10994 | D:11     | Gained mutation: Your spells are a little harder to cast,
                  | but a little more powerful. [potion of mutation]
 10994 | D:11     | Gained mutation: Your body often deteriorates upon taking
                  | damage. [potion of mutation]
 11049 | D:12     | Noticed Nessos
 11056 | D:12     | Noticed a two-headed ogre
 11079 | D:12     | Killed Nessos
 11096 | D:12     | Reached ***** piety under Dithmenos
 11116 | D:12     | Noticed a minotaur
 11136 | D:12     | Noticed a two-headed ogre
 11177 | D:12     | Killed a two-headed ogre
 11256 | D:12     | Reached skill level 5 in Fighting
 11427 | D:12     | Noticed Bruhh's ghost (journeyman BaAE)
 11431 | D:12     | Found a runed translucent gate.
 11432 | D:12     | Found a runed translucent gate.
 11433 | D:12     | Found a runed translucent gate.
 11776 | D:13     | Reached skill level 16 in Stealth
 11972 | D:13     | Noticed a centaur warrior
 12000 | D:13     | Killed a centaur warrior
 12084 | D:13     | Noticed a six-headed hydra
 12091 | D:13     | Killed a six-headed hydra
 12219 | D:13     | Noticed a two-headed ogre
 12226 | D:13     | Killed a two-headed ogre
 12227 | D:13     | Reached XP level 13. HP: 65/65 MP: 31/31
 12322 | D:13     | Found a runed translucent door.
 12811 | D:13     | Reached skill level 10 in Dodging
 12840 | D:13     | Reached skill level 17 in Stealth
 13378 | D:14     | Found a basalt altar of Yredelemnul.
 13848 | D:14     | Found a stormy altar of Qazlal.
 14206 | D:14     | Reached ****** piety under Dithmenos
 14259 | D:14     | Found a gate to the Vaults.
 14320 | D:14     | Reached XP level 14. HP: 65/70 MP: 31/33
 14536 | D:15     | Entered Level 15 of the Dungeon
 14718 | D:15     | Found an opulent altar of Gozag.
 14960 | D:15     | Reached skill level 18 in Stealth
 15344 | D:15     | Found a staircase to the Depths.
 15576 | Lair:1   | Entered Level 1 of the Lair of Beasts
 15735 | Lair:1   | Reached skill level 10 in Short Blades
 16665 | Lair:2   | Reached skill level 15 in Hexes
 16679 | Lair:2   | Found a staircase to the Shoals.
 17207 | Lair:3   | Reached skill level 15 in Spellcasting
 17457 | Lair:3   | Found a staircase to the Snake Pit.
 18608 | Lair:4   | Reached skill level 19 in Stealth
 18608 | Lair:4   | Reached XP level 15. HP: 58/77 MP: 33/35
 19829 | Lair:6   | Entered Level 6 of the Lair of Beasts
 21254 | Lair:6   | Found the +6 lightning scales {swift, rElec}
 21424 | Lair:6   | Found a corrupted altar of Lugonu.
 21429 | Lair:6   | Found a one-way gate to the infinite horrors of the Abyss.
 21732 | Orc:1    | Entered Level 1 of the Orcish Mines
 21873 | Orc:1    | Found a dark tunnel.
 21886 | Volcano  | Entered a volcano
 22365 | Orc:2    | Entered Level 2 of the Orcish Mines
 22458 | Orc:2    | Found a staircase to the Elven Halls.
 22921 | Orc:2    | Reached skill level 20 in Stealth
 23135 | Orc:2    | Lost mutation: Your spells are a little harder to cast, but
                  | a little more powerful. [potion of mutation]
 23135 | Orc:2    | Lost mutation: Your body often deteriorates upon taking
                  | damage. [potion of mutation]
 23135 | Orc:2    | Lost mutation: Your body sometimes deteriorates upon taking
                  | damage. [potion of mutation]
 23135 | Orc:2    | Gained mutation: You are agile. (Dex +2) [potion of
                  | mutation]
 23135 | Orc:2    | Lost mutation: You are agile. (Dex +2) [potion of mutation]
 23136 | Orc:2    | Gained mutation: Your flesh is heat resistant. (rF+)
                  | [potion of mutation]
 23136 | Orc:2    | Gained mutation: Your body sometimes deteriorates upon
                  | taking damage. [potion of mutation]
 23137 | Orc:2    | Lost mutation: Your body sometimes deteriorates upon taking
                  | damage. [potion of mutation]
 23137 | Orc:2    | Lost mutation: Your flesh is heat resistant. (rF+) [potion
                  | of mutation]
 23137 | Orc:2    | Gained mutation: Your spells are a little harder to cast,
                  | but a little more powerful. [potion of mutation]
 23200 | Orc:2    | Found Tyteleq's Assorted Antiques.
 23200 | Orc:2    | Found Wunav's Magic Scroll Shop.
 23222 | Orc:2    | Found Vumysih's Magic Scroll Boutique.
 23222 | Orc:2    | Found Loscha's Distillery.
 23258 | Orc:2    | Bought a scroll of acquirement for 520 gold pieces
 23263 | Orc:2    | Acquired 1187 gold pieces
 23270 | Orc:2    | Bought a potion of might for 56 gold pieces
 23270 | Orc:2    | Bought 2 potions of invisibility for 224 gold pieces
 23270 | Orc:2    | Bought a potion of brilliance for 56 gold pieces
 23270 | Orc:2    | Bought a potion of curing for 42 gold pieces
 23270 | Orc:2    | Bought a potion of cancellation for 112 gold pieces
 23270 | Orc:2    | Bought a potion of might for 56 gold pieces
 23272 | Orc:2    | Bought a scroll of magic mapping for 49 gold pieces
 23272 | Orc:2    | Bought a scroll of teleportation for 42 gold pieces
 23272 | Orc:2    | Bought a scroll of magic mapping for 49 gold pieces
 23277 | Orc:2    | Bought a scroll of teleportation for 30 gold pieces
 23277 | Orc:2    | Bought a scroll of blinking for 75 gold pieces
 23277 | Orc:2    | Bought a scroll of blinking for 75 gold pieces
 23277 | Orc:2    | Bought a scroll of enchant weapon for 75 gold pieces
 23550 | D:15     | Upgraded the game from 0.29-a0-550-g81e455f4c2 to
                  | 0.29-a0-553-g81b289dbe5
 23559 | Depths:1 | Entered Level 1 of the Depths
 23586 | Depths:1 | Found a one-way gateway to a ziggurat.
 23586 | Depths:1 | Noticed a lich
 23589 | Depths:1 | Noticed a frost giant
 23613 | Depths:1 | Killed a frost giant
 23766 | Depths:1 | Noticed a frost giant
 23795 | Depths:1 | Reached XP level 16. HP: 80/84 MP: 32/37
 24087 | Snake:1  | Entered Level 1 of the Snake Pit
 24436 | Snake:1  | Acquired 552 gold pieces
 25508 | Snake:2  | Noticed Aizul
 25510 | Snake:2  | Killed Aizul
 26137 | Snake:2  | Found a runed translucent door.
 26137 | Snake:2  | Noticed Sekuso's ghost (adept FoIE)
 26191 | Snake:2  | Killed Sekuso's ghost
 26358 | Snake:2  | Found Veug's Book Shoppe.
 26358 | Snake:2  | Found Loink's Armour Emporium.
 26359 | Snake:2  | Found Riuvvois's Jewellery Emporium.
 26361 | Snake:2  | Found Fuss's Book Shoppe.
 26610 | Snake:2  | Bought the +4 robe of the Eternal Void {rF+ rN++} for 542
                  | gold pieces
 26647 | Snake:3  | Noticed Vashnia
 26649 | Snake:3  | Noticed Asterion
 26693 | Snake:3  | HP: 4/84 [Asterion (5)]
 26816 | Snake:3  | Found Qofuoc's General Store.
 26818 | Snake:3  | Found Woleed's Specific Store.
 26839 | Snake:3  | Reached skill level 15 in Dodging
 26856 | Snake:3  | Bought a scroll of blinking for 105 gold pieces
 26967 | Snake:3  | Noticed Saint Roka
 27015 | Snake:3  | Shot with a bolt by a naga sharpshooter

Illustrated notes

Levels and vault maps discovered:
D:1:      dpeg_arrival_pits, layout_basic, hellmonk_ecumenical_altar_lost_god,
          hangedman_decor_push
D:2:      layout_basic, nicolae_concentric_dashed_squares_mild, uniq_natasha
D:3:      kennysheep_slugbush, layout_loops_ring,
          mainiacjoe_overflow_cross_hatched, uniq_sigmund
D:4:      layout_rooms, serial_co_window_serial, co_window_cross_1,
          co_window_paths_a, co_window_paths_b, co_window_paths_b,
          co_window_paths_b, co_window_corner_ca, co_window_2corner,
          co_window_broadway_a, co_window_of_opportunity_b, co_window_2corner,
          co_window_paths_e, glass_columns_b, glass_columns_a, glass_columns_a,
          dk_vineyard_3, nicolae_elevator_lobby_plus
D:5:      wad_river_or_something, layout_loops_ring,
          grunt_temple_overflow_cloverleaf, minmay_temple_entry_grid,
          hellmonk_ghost_happy_afterlife, dreamdust_princess_corridor,
          minivault_4
D:6:      layout_basic, uniq_grinder
D:7:      layout_rooms, marbit_many_paths
D:8:      layout_loops_cross, nicolae_overflow_hidden_temple,
          nicolae_ossuary_entry_ruins, grunt_decor_cap, minmay_mini_ossuary
D:9:      layout_roguey, small_statue_intersection, lightli_fourway_metalbox,
          uniq_harold
D:10:     layout_big_octagon, lair_entry_dummy, chequers_serial_rivers_micro_e,
          uniq_maggie
D:11:     layout_small_grid, orc_0_dummy, grunt_ministairs_7, st_stairs_14,
          minmay_evil_grid
D:12:     layout_rooms, maelrawn_ghost_gauntlet_escape, uniq_nessos
D:13:     layout_stronghold, st_stairs_3, lightli_airlock
D:14:     layout_loops_ring, grunt_vaults_entry_tiered,
          nicolae_qazlal_general_emergency, dreamdust_princess_bridge,
          lemuel_zombie_altar_yredelemnul
D:15:     hangedman_depths_entry_civil_slaughter, layout_cave_pools,
          nicolae_gozag_cash_rules_everything_around_me
Temple:   dpeg_chambers_temple
Lair:1:   layout_hall_layers, serial_bayou_shore_a
Lair:2:   lemuel_slime, layout_big_grid, elwin_shoals_entry_rocks,
          lemuel_fruit_fields, grunt_megastairs_2, lemuel_fruit_tree
Lair:3:   layout_gridlike, guppyfry_snake_entry_island
Lair:4:   layout_cave_pods
Lair:5:   layout_hall_layers, minmay_slime_entry_oklob_enclosed
Lair:6:   hellmonk_lair_end_abyssal_woods, layout_misc_corridors,
          fungi_pond_lemuel, infiniplex_staircase_pool
Snake:1:  layout_layer_cave
Snake:2:  layout_basic, ebering_ghost_inner_flame, minmay_shoptagon, uniq_aizul
Snake:3:  layout_layer_cave, nicolae_specific_store, uniq_asterion,
          uniq_saint_roka, uniq_vashnia
Orc:1:    layout_caves, nicolae_volcano_entry_vermiform
Orc:2:    st_orc_mages, layout_diamond_mine
Depths:1: layout_twisted_cross, enter_ziggurat_c, minmay_misc_feat_more_columns,
          hell_entry, serial_bayou_pond_a, amcnicky_mini_corridor_feature,
          serial_sigils_hangedman_clutch, nzn_wu_jian_council_hall,
          minmay_shop_grove, infiniplex_staircase_pool_lava,
          serial_bayou_shore_b

Skill      XL: |  1  2  3  4  5  6  7  8  9 10 11 12 13 14 15 16 |
---------------+-------------------------------------------------+-----
Spellcasting   | 3 4 5 6 7 8 10 11 12 13 14 15 16 | 16.6
Hexes          | 4 5 6 7 9 10 11 12 13 14 15 16 | 16.7
Stealth        | 5 6 8 10 12 13 15 16 17 19 20 | 20.7
Dodging        | 5 7 9 11 12 14 15 | 15.1
Fighting       | 2 4 5 6 8 9 |  9.4
Short Blades   | 4 6 7 9 10 11 12 | 12.3

Action                   |  1- 3 |  4- 6 |  7- 9 | 10-12 | 13-15 | 16-18 || total
-------------------------+-------+-------+-------+-------+-------+-------++-------
Melee: Dagger            |   101 |    82 |   515 |   542 |  1401 |   203 ||  2844
       Punch             |     3 |     1 |     8 |     5 |    30 |     4 ||    51
Throw: Dart              |       |       |       |       |     3 |     5 ||     8
       Throwing net      |       |       |       |       |     1 |       ||     1
 Cast: Ensorcelled Hiber |     4 |    18 |    25 |    65 |   122 |    42 ||   276
       Tukima's Dance    |       |     1 |     6 |    21 |    16 |    11 ||    55
       Confusing Touch   |       |       |     6 |    19 |    25 |     8 ||    58
Invok: Shadow Step       |       |       |       |       |     4 |     2 ||     6
Evoke: Wand              |       |       |       |     3 |    19 |     3 ||    25
  Use: Scroll            |     6 |     3 |    19 |     7 |    12 |     6 ||    53
       Potion            |       |       |     4 |     3 |    16 |    13 ||    36
 Stab: Sleeping          |     8 |    20 |    46 |    75 |   157 |    34 ||   340
       Confused          |       |       |     5 |    17 |    16 |     7 ||    45
       Distracted        |       |       |     1 |     2 |     8 |     2 ||    13
       Invisible         |       |       |       |       |     3 |       ||     3
       Paralysed         |       |       |       |       |     1 |       ||     1
Armor: Robe              |    10 |     6 |   144 |    94 |   103 |    12 ||   369
Dodge: Dodged            |    75 |    61 |   431 |   463 |  1145 |   167 ||  2342

Table legend: (Time is in decaauts)
 A = Elapsed time spent in this place.
 B = Non-inter-level travel time spent in this place.
 C = Inter-level travel time spent in this place.
 D = Time resting spent in this place.
 E = Time spent auto-exploring this place.
 F = Levels seen in this place.
 G = Mean time per level.
                   A        B        C        D        E       F      G
               +--------+--------+--------+--------+--------+-----+--------+
         Total |  19119 |  18287 |    832 |   2098 |  10925 |  30 |  637.3 |
       Dungeon |  10923 |  10392 |    531 |    857 |   6764 |  15 |  728.2 |
        Temple |    140 |    126 |     14 |      0 |    112 |   1 |  140.0 |
          Lair |   4138 |   3938 |    200 |    430 |   2451 |   6 |  689.7 |
     Snake Pit |   2133 |   2070 |     63 |    646 |    964 |   3 |  711.0 |
  Orcish Mines |    986 |    965 |     21 |     71 |    494 |   2 |  493.0 |
        Depths |    253 |    253 |      0 |     68 |     51 |   1 |  253.0 |
       Ossuary |    336 |    336 |      0 |      0 |     67 |   1 |  336.0 |
       Volcano |    208 |    208 |      0 |     24 |     19 |   1 |  208.0 |
               +--------+--------+--------+--------+--------+-----+--------+

Top non-repeatable levels by time:
    D:13: 1302 daAuts
  Lair:6: 1285 daAuts
 Snake:2: 1159 daAuts
     D:9: 1094 daAuts
     D:1: 938 daAuts
    D:14: 916 daAuts
     D:5: 871 daAuts
    D:11: 830 daAuts
     D:3: 797 daAuts
   Orc:2: 746 daAuts
 Snake:1: 695 daAuts
     D:4: 682 daAuts
    D:15: 676 daAuts
  Lair:3: 656 daAuts
  Lair:4: 628 daAuts
